 Dungeon Crawl Stone Soup version 0.28.0-43-g3370ac3207 (webtiles) character file.

Game seed: 2670420900543984261

50 croobank the Firebug (level 3, 0/26 HPs)
             Began as a Draconian Fire Elementalist on Mar 4, 2022.
             Succumbed to an adder's poison
             ... on level 2 of the Dungeon.
             The game lasted 00:06:16 (1693 turns).

croobank the Firebug (Draconian Fire Elementalist)  Turns: 1693, Time: 00:06:16

Health: 0/26       AC:  5    Str: 10    XL:     3   Next: 55%
Magic:  4/6        EV: 12    Int: 17    God:
Gold:   48         SH:  0    Dex: 11    Spells: 5/6 levels left

rFire   . . .      SeeInvis .   h - +0 short sword
rCold   . . .      Faith    .   (no shield)
rNeg    . . .      Spirit   .   (armour unavailable)
rPois   .          Reflect  .   (helmet restricted)
rElec   .          Harm     .   (no cloak)
rCorr   .          Rampage  .   (no gloves)
Will    .....                   (no boots)
Stlth   ++........              (no amulet)
HPRegen 0.08/turn               (no ring)
MPRegen 0.10/turn               (no ring)

@: lethally poisoned (0 -> -3), weak-willed
A: AC +5, unfitting armour, cold-blooded
a: no special abilities


You were on level 2 of the Dungeon.
You visited 1 branch of the dungeon, and saw 2 of its levels.

You collected 48 gold pieces.

Inventory:

Hand Weapons
 h - a +0 short sword (weapon)
Missiles
 c - 7 arrows
 f - 17 stones
Jewellery
 b - a ring of fire
Scrolls
 e - a scroll of identify
 g - 2 scrolls of enchant armour


   Skills:
 + Level 2.2 Dodging
 + Level 2.3 Stealth
 + Level 2.3 Spellcasting
 + Level 1.7 Conjurations
 + Level 3.3 Fire Magic


You had 5 spell levels left.
You knew the following spells:

 Your Spells              Type           Power      Damage    Failure   Level
a - Foxfire               Conj/Fire      40%        2x1d6     7%          1

Your spell library contained the following spells:

 Spells                   Type           Power      Damage    Failure   Level
 Scorch                   Fire           26%        2d6       7%          2
 Summon Small Mammal      Summ           8%         N/A       19%         1
 Conjure Flame            Conj/Fire      10%        6-21      21%         3
 Inner Flame              Hex/Fire       7%         N/A       28%         3
 Call Canine Familiar     Summ           2%         N/A       50%         3
 Summon Guardian Golem    Hex/Summ       2%         N/A       50%         3
 Flame Wave               Conj/Fire      10%        2d5       54%         4


Dungeon Overview and Level Annotations

Branches:
Dungeon (2/15)

Altars:


Innate Abilities, Weirdness & Mutations

Your plain brown scales are hard. (AC +5)
You cannot fit into any form of body armour.
You are cold-blooded and may be slowed by cold attacks.


Message History

You feel sick.
The adder hisses angrily.
The adder bites you.
You are more poisoned.
The adder poisons you!
Casting: Foxfire (safe; 7% risk of failure)
Confirm with . or Enter, or press ? or * to list all spells.
You conjure some foxfire!
You feel sick. The adder barely misses you.
You barely miss the adder.
Your tail-slap misses the adder.
The adder is lightly wounded.
You feel sick.
The foxfire hits the adder.
The adder is heavily wounded.
The adder closely misses you. x2
You feel sick. The adder bites you but does no damage.
You feel sick.
You feel sick. The adder bites you.
* * * LOW HITPOINT WARNING * * *
You are lethally poisoned!
The adder poisons you!
* * * LOW HITPOINT WARNING * * *
You feel sick.
* * * LOW HITPOINT WARNING * * *
You feel sick.
You aren't carrying any potions.
Unknown command.
You aren't carrying any potions.
As you read the scroll labelled LAHUKHIDUEH, it crumbles to dust.
You speak a Word of immense power!
It was a scroll of holy word.
* * * LOW HITPOINT WARNING * * *
You feel sick. The adder bites you but does no damage.
As you read the scroll labelled LAK PIPALAR, it crumbles to dust.
It is a scroll of identify.
g - 2 scrolls of enchant armour
* * * LOW HITPOINT WARNING * * *
You feel sick. The adder bites you but does no damage.
The adder barely misses you.
Okay, then.
As you read the scroll labelled JOGHUZX SAYD, it crumbles to dust.
Magic quickly surges around you.
It was a scroll of vulnerability.
You die...

#.# #..#..#
#.#########.#..#
#...........÷..#
#.#########.#.##
### #...#
##############..#
#..........†.†.>#
#.###############
#@# ####### #S#
..!.... #g#
....... #S#
.......
#.######.......
#...S..........
########.......
....... .......


You could see 2 adders and a hobgoblin (weak-willed).

Vanquished Creatures
  An adder (D:2)
  A worm (D:2)
  A dart slug (D:2)
  6 ball pythons
  3 bats
  2 endoplasms (D:1)
  3 giant cockroaches
  2 goblins
  3 hobgoblins
  3 jackals (D:2)
  3 kobolds
  A quokka (D:1)
  2 frilled lizards
  3 rats
34 creatures vanquished.

Vanquished Creatures (others)
  99 foxfires
99 creatures vanquished.

Grand Total: 133 creatures vanquished

Notes
Turn   | Place    | Note
-------+----------+-------------------------------------------
     0 | D:1      | croobank the Draconian Fire Elementalist began the quest
                  | for the Orb.
     0 | D:1      | Reached XP level 1. HP: 14/14 MP: 3/3
   277 | D:1      | Reached XP level 2. HP: 20/20 MP: 3/5
  1242 | D:2      | Reached XP level 3. HP: 24/26 MP: 2/6
  1692 | D:2      | HP: 1/26 [poisoned by an adder]
  1693 | D:2      | Succumbed to an adder's poison

Illustrated notes

Levels and vault maps discovered:
D:1:      scummos_arrival_forest, layout_basic
D:2:      layout_basic

Skill      XL: |  1  2 |
---------------+-------+-----
Stealth        | 2 |  2.3
Dodging        | 2 |  2.2
Spellcasting   | |  2.3
Conjurations   | |  1.7
Fire Magic     | |  3.3

Action                   || total
-------------------------++-------
Melee: Unarmed           ||    20
       Tailslap          ||     4
       Short sword       ||    12
 Cast: Foxfire           ||    57
  Use: Scroll            ||     3
Armor: Skin              ||    27
Dodge: Dodged            ||    38
